AoeStats
← san.llove108

Arabia

509972717Analyzed
1v1 RM · 4d ago on Sep 28, 2026· 28m 33s· 2 players
Game mode
Random Map
Map size
Tiny (2 player)
Population
200
Speed
Normal
Resources
Standard
Victory
Conquest
Starting age
Dark Age
Ending age
Imperial Age
RankedLock teamsTeams togetherTeam positionsShared explorationLock speedFull tech treeHidden civsTurbo modeCheats
Victory
Defeat
🇩🇪 Vikings · Germany
950
+13
🇺🇾 Franks · Uruguay
891
-13
-__oLLe_WiLSoN__--
0:26 Loom
10:53 Feudal Age
11:18 Horse Collar
20:15 Double-Bit Axe
22:55 Castle Age
24:21 Elite Skirmisher
san.llove108
4:18 Loom
9:27 Feudal Age
10:23 Double-Bit Axe
15:37 Wheelbarrow
16:03 Man-at-Arms
18:58 Gold Mining
23:28 Castle Age
21:23 Stone Mining
22:48 Fletching
23:41 Crossbowman
Connection lost

Rejoining the realm…

Still unreachable

The connection could not be restored.

Session expired

The server has moved on; the page needs a fresh start.